 Dungeon Crawl Stone Soup version 0.23.2-33-g5129a83184 (webtiles) character file.

Game seed: 3966306587011652206

75 DildoBatman the Conjurer (level 4, -3/30 HPs)
             Began as a Formicid Wizard on July 8, 2019.
             Shot with a sling bullet by a goblin (7 damage)
             ... led by Robin
             ... on level 2 of the Dungeon.
             The game lasted 00:04:34 (1871 turns).

DildoBatman the Conjurer (Formicid Wizard)          Turns: 1871, Time: 00:04:34

Health: -3/30      AC:  2    Str: 11    XL:     4   Next: 55%
Magic:  4/8        EV: 12    Int: 19    God:
Gold:   66         SH:  0    Dex:  9    Spells: 2/9 levels left

rFire    . . .     SeeInvis +   b - +0 hunting sling
rCold    . . .     Gourm    .   (no shield)
rNeg     . . .     Faith    .   s - +0 robe
rPois    .         Spirit   .   (helmet unavailable)
rElec    .         Reflect  .   (no cloak)
rCorr    .         Harm     .   (no gloves)
MR       .....                  (no boots)
Stlth    ++........             (no amulet)
HPRegen  0.10/turn              (no ring)
MPRegen  0.11/turn              (no ring)

@: no status effects
A: permanent stasis, dig shafts and tunnels, four strong arms, antennae 3
a: Dig, Shaft Self


You were on level 2 of the Dungeon.
You were not hungry.

You visited 1 branch of the dungeon, and saw 2 of its levels.

You collected 66 gold pieces.

Inventory:

Hand Weapons
 a - a +0 dagger of venom
 b - a +0 hunting sling (weapon)
Missiles
 d - 132 stones (quivered)
 f - 10 poisoned needles
 k - 14 arrows
 q - a sling bullet
Armour
 s - a +0 robe (worn)
Scrolls
 g - 3 scrolls of identify {unknown}
 h - 3 scrolls of teleportation {unknown}
 i - a scroll of immolation {unknown}
 m - 2 scrolls of noise {unknown}
 n - 2 scrolls of enchant weapon {unknown}
 p - a scroll of amnesia {unknown}
Potions
 j - 2 potions of brilliance {unknown}
 l - a potion of resistance {unknown}
 o - 2 potions of degeneration {unknown}
 r - a potion of cancellation {unknown}
Comestibles
 c - a chunk of flesh
 v - 3 rations


   Skills:
 - Level 1.7 Dodging
 - Level 2.4 Stealth
 - Level 3.2 Spellcasting
 * Level 3.6 Conjurations
   Level 1.0 Summonings
   Level 0.8 Translocations


You had 2 spell levels left.
You knew the following spells:

 Your Spells              Type           Power        Failure   Level  Hunger
a - Conjure Flame         Conj/Fire      ##......     22%         3    ###....
c - Magic Dart            Conj           ###.         3%          1    None
e - Mephitic Cloud        Conj/Pois/Air  #.......     26%         3    ###....

Your spell library contained the following spells:

 Spells                   Type           Power        Failure   Level  Hunger
 Call Imp                 Summ           #.......     16%         2    ##.....
 Slow                     Hex            #.......     22%         2    ##.....
 Blink                    Tloc           Unusable     N/A         2    N/A

Dungeon Overview and Level Annotations

Branches:
Dungeon (2/15)

Altars:
Vehumet

Annotations:
D:1 Robin


Innate Abilities, Weirdness & Mutations

You cannot be hasted, slowed, berserked, paralysed or teleported.
You can dig through walls and to a lower floor.
Your four strong arms can wield two-handed weapons with a shield.
You have a pair of large antennae on your head. (SInv)


Message History

Aim: a worm (moderately wounded)
You shoot a stone. The stone hits the worm.
The worm is severely wounded.
Firing (i - inventory. (/) - cycle)
d - 134 stones (quivered)
Press: ? - help, Shift-Dir - straight line, f/p - worm
Aim: a worm (heavily wounded)
You shoot a stone. The stone hits the worm!
The worm is almost dead.
Firing (i - inventory. (/) - cycle)
d - 133 stones (quivered)
Press: ? - help, Shift-Dir - straight line, f/p - worm
Aim: a worm (almost dead)
You shoot a stone. The goblin shouts!
The stone hits the worm.
You kill the worm!
The goblin shoots a sling bullet.
The sling bullet hits you!
You die...

####.#########.##.# #.##.......
#.# ###.##.# #.##....... #.#
#...##.# #.##.......
#.#######.####<# #.##.......
#.........# #.# #.##.......
####.........####.# #>##.......
................).#####g.........
####.........##.##)......w.......
.............)..@....(((.........
####.........#####.......#.......
#.........# #.......#.....>.
#.........# #.......########
#.........# #.......#
#....รท....# #.......#
#.........# #.......# #.........#
######### #.........#


You could see a goblin.

Vanquished Creatures
  A worm (D:2)
  2 dart slugs
  3 leopard geckos
  A ball python (D:2)
  5 bats
  3 giant cockroaches
  12 goblins
  8 hobgoblins
  8 jackals
  A quokka (D:2)
  3 frilled lizards
  5 kobolds
  4 rats (D:1)
56 creatures vanquished.

Notes
Turn   | Place    | Note
-------+----------+-------------------------------------------
     0 | D:1      | DildoBatman the Formicid Wizard began the quest for the
                  | Orb.
     0 | D:1      | Reached XP level 1. HP: 13/13 MP: 4/4
    33 | D:1      | Reached skill level 1 in Conjurations
   144 | D:1      | Found a radiant altar of Vehumet.
   292 | D:1      | Reached XP level 2. HP: 15/19 MP: 0/6
   644 | D:1      | Reached XP level 3. HP: 24/24 MP: 4/7
   649 | D:1      | Learned a level 3 spell: Conjure Flame
   653 | D:1      | Learned a level 3 spell: Mephitic Cloud
   951 | D:2      | Noticed Robin
  1307 | D:2      | Reached XP level 4. HP: 14/30 MP: 2/8
  1871 | D:2      | Shot with a sling bullet by a goblin

Skill      XL: |  1  2  3 |
---------------+----------+-----
Conjurations   | 1 2 3 |  3.6
Dodging        | |  1.7
Stealth        | |  2.4
Spellcasting   | |  3.2
Summonings     | |  1.0
Translocations | |  0.8

Action                   |  1- 3 |  4- 6 || total
-------------------------+-------+-------++-------
Melee: Club              |    27 |    12 ||    39
 Fire: Hunting sling     |       |     4 ||     4
 Cast: Magic Dart        |    84 |    46 ||   130
       Mephitic Cloud    |       |     1 ||     1
 Abil: Dig               |     5 |     1 ||     6
  Eat: Chunk             |     2 |     2 ||     4
Armor: Robe              |    10 |    10 ||    20
Dodge: Dodged            |    41 |    32 ||    73
